 Dungeon Crawl Stone Soup version 0.31-a0-819-gf6de2f5ab6 (webtiles) character file.

Game seed: 4480165079056987416

3360 DApurpleWHUMPUS the Thaumaturge (level 9, -13/49 HPs)
             Began as a Deep Elf Conjurer on Sept 24, 2023.
             Was a Follower of Sif Muna.
             Mangled by a redback (15 damage)
             ... on level 7 of the Dungeon.
             The game lasted 00:25:31 (8507 turns).

DApurpleWHUMPUS the Thaumaturge (Deep Elf Conjurer) Turns: 8507, Time: 00:25:32

Health: -13/49     AC:  3    Str:  4    XL:     9   Next: 73%
Magic:  37/37      EV: 18    Int: 34    God:    Sif Muna [*.....]
Gold:   383        SH:  0    Dex: 18    Spells: 18/34 levels left

rFire   . . .        D - +9 falchion of Dishonesty {flame, MP+9 Dex+5}
rCold   . . .        (no shield)
rNeg    . . .        a - +0 robe
rPois   .            (no helmet)
rElec   .            (no cloak)
rCorr   .            (no gloves)
SInv    .            l - +0 pair of boots
Will    .....        t - amulet of regeneration
Stlth   ++           f - +5 ring of evasion
HPRegen 1.08/turn    q - +6 ring of intelligence
MPRegen 0.25/turn

%: no passive effects
@: lethally poisoned (-13 -> -13)
A: claws 1, robust 1
a: Renounce Religion, Channel Magic


You were on level 7 of the Dungeon.
You worshipped Sif Muna.
Sif Muna was aware of your devotion.
You visited 2 branches of the dungeon, and saw 8 of its levels.
You also visited: Ossuary.

You collected 383 gold pieces.

Inventory:

Hand Weapons
 b - a +0 hand axe of flaming
 v - a +2 dagger of venom
 D - the +9 falchion of Dishonesty (weapon) {flame, MP+9 Dex+5}
   (You found it on level 7 of the Dungeon)

   Dex+5:     It affects your dexterity (+5).
   MP+9:      It affects your magic capacity (+9).
Armour
 a - a +0 robe (worn)
 l - a +0 pair of boots (worn)
 m - a +2 robe of resistance
Jewellery
 f - a +5 ring of evasion (left claw)
 i - a ring of protection from cold
 q - a +6 ring of intelligence (right claw)
 t - an amulet of regeneration (around neck)
 y - a +6 ring of strength
 I - a +6 ring of strength
Wands
 o - a wand of digging (6)
 A - a wand of flame (10)
 C - a wand of quicksilver (11)
Scrolls
 d - 3 scrolls of amnesia {unknown}
 e - 3 scrolls of poison {unknown}
 h - 4 scrolls of blinking
 n - a scroll of teleportation {unknown}
 p - a scroll of fog
 r - a scroll of torment {unknown}
 z - 3 scrolls of summoning {unknown}
 G - 3 scrolls of identify
 H - 3 scrolls of noise {unknown}
Potions
 c - 3 potions of lignification {unknown}
 g - a potion of resistance {unknown}
 j - a potion of ambrosia {unknown}
 k - 2 potions of curing {unknown}
 s - 2 potions of invisibility {unknown}
 u - 5 potions of might {unknown}
 w - 2 potions of brilliance {unknown}
 x - 2 potions of heal wounds {unknown}
 B - 2 potions of magic
 E - 2 potions of haste {unknown}
 F - 2 potions of mutation


   Skills:
 - Level 2.4 Dodging
 - Level 2.4 Stealth
 + Level 13.0 Spellcasting
 + Level 11.6 Conjurations


You had 18 spell levels left.
You knew the following spells:

 Your Spells              Type           Power      Damage    Failure   Level
a - Magic Dart            Conj           100%       1d8       0%          1
b - Searing Ray           Conj           100%       2d8       1%          2
c - Iskenderun's Mystic   Conj/Tloc      57%        2d12      1%          4
d - Blink                 Tloc           44%        N/A       3%          2
e - Dazzling Flash        Conj/Hex       100%       N/A       1%          3
f - Sting                 Tmut/Pois      88%        1d7       1%          1
g - Confusing Touch       Hex            22%        N/A       6%          3

Your spell library contained the following spells:

 Spells                   Type           Power      Damage    Failure   Level
 Kiss of Death            Conj/Necr      100%       2d13      1%          1
 Momentum Strike          Conj/Tloc      100%       3d10      1%          2
 Flame Wave               Conj/Fire      57%        2d14      1%          4
 Fulminant Prism          Conj/Hex       28%        3d14      1%          4
 Lesser Beckoning         Tloc           44%        N/A       3%          2
 Poisonous Vapours        Pois/Air       44%        N/A       3%          2
 Scorch                   Fire           44%        2d6       3%          2
 Dispel Undead            Necr           22%        3d12      19%         4
 Olgreb's Toxic Radiance  Pois           22%        N/A       19%         4
 Summon Cactus Giant      Summ           11%        N/A       96%         6


Dungeon Overview and Level Annotations

Branches:
Dungeon (7/15)             Temple (1/1) D:6         Ossuary (visited)

Altars:
Ashenzari
Cheibriados
Dithmenos
Elyvilon
Fedhas
Gozag
Hepliaklqana
Kikubaaqudgha
Makhleb
Nemelex Xobeh
Okawaru
Qazlal
Sif Muna
Trog
Uskayaw
Vehumet
Wu Jian
Xom
Yredelemnul
Zin
The Shining One

Annotations:
D:1 1 transporter
D:4 2 runed translucent doors, LobsterGuardian's ghost, amateur NaSh
D:7 2 runed translucent doors


Innate Abilities, Weirdness & Mutations

You have sharp fingernails.
You are robust. (+10% HP)


Message History

An adder is nearby!
You feel sick.
You are no longer poisoned.
The adder bites you.
You miss the adder. The adder completely misses you.
The killer bee buzzes angrily.
You slash the adder! You burn the adder.
You kill the adder!
Sif Muna accepts your kill.
You hear an angry buzzing noise.
Your Spellcasting skill increases to level 13!
Things that are here:
a scorpion corpse; an adder corpse The killer bee buzzes angrily.
You hear an angry buzzing noise.
The adder barely misses you.
There is an open translucent gate, spattered with blood here.
You see here an adder corpse.
The redback closely misses you. The redback bites you!
The scorpion closely misses you.
There is an open translucent gate, spattered with blood here.
As you read the scroll labelled PIANERR KYTUM, it dissolves into smoke.
It was a scroll of fog.
The redback bites you! The redback closely misses you.
The scorpion barely misses you. The adder bites you.
You are poisoned.
The adder poisons you! The redback bites you!
* * * LOW HITPOINT WARNING * * *
The redback misses you.
It was a potion of mutation.
You feel extremely strange.
Your fingernails lengthen.
You feel robust.
You feel sick. The adder misses you. The scorpion closely misses you.
The redback closely misses you. The redback completely misses you. x2
The adder bites you.
* * * LOW HITPOINT WARNING * * *
As you read the scroll labelled IKHICWIUMM, it crumbles to dust.
It is a scroll of identify.
h - 4 scrolls of blinking You feel sick.
The adder bites you.
* * * LOW HITPOINT WARNING * * *
The redback bites you!
You die...

..<............#y..#..## ##
#.............##...##..### ###
###......##..##.....##...######..
####.###..##y.yyy.y##...##...##
####### #.##+##yyy##+##.....###
##.....###.#...#####...#...###
#.......#..#....#)#....#...## ##
#..........#...s#S#....#....# #.
#..........#..§s@S§....#....## #.
#..........##.§s#s#.s.##.....# #.
#...........###§#§#.###..#...# #.
##...)........###.###...###### #.
#....................### #.
#...................## #.
###...................## #.
................##.##..# #.
.#..............#8.8#..# #.


You could see 3 redbacks, a scorpion, 4 killer bees and 2 adders.

Vanquished Creatures
  A two-headed ogre (D:5)
  2 water moccasins (D:5)
  3 black bears (D:4)
  2 ice beasts
  An orc warrior (D:6)
  3 ogres
  A phantom (D:5)
  3 bullfrogs
  7 scorpions
  5 wights (D:6)
  3 howler monkeys
  A human zombie (Ossuary)
  2 orc priests
  2 hounds (D:4)
  A jelly (D:5)
  Jessica (D:3)
  4 iguanas
  3 orc wizards
  2 hound zombies (Ossuary)
  4 mummies (Ossuary)
  4 gnolls (D:4)
  12 adders
  A shadow imp (D:5)
  3 white imps
  An ufetubus (D:6)
  An adder zombie (Ossuary)
  5 worms
  2 dart slugs
  16 orcs
  5 endoplasms
  3 giant cockroaches
  5 goblins
  4 hobgoblins
  6 jackals (D:2)
  7 quokkas
  12 ball pythons
  3 bats
  3 frilled lizards (D:1)
  A gnoll zombie (Ossuary)
  A goblin zombie (Ossuary)
  7 kobolds
  3 orc zombies (Ossuary)
  5 rats
  3 rat zombies (Ossuary)
164 creatures vanquished.

Notes
Turn   | Place    | Note
-------+----------+-------------------------------------------
     0 | D:1      | DApurpleWHUMPUS the Deep Elf Conjurer began the quest for
                  | the Orb.
     0 | D:1      | Reached XP level 1. HP: 10/10 MP: 6/6
   163 | D:1      | Reached XP level 2. HP: 15/15 MP: 5/8
   688 | D:1      | Reached skill level 4 in Spellcasting
   885 | D:1      | Reached XP level 3. HP: 19/19 MP: 7/10
   988 | D:2      | Reached skill level 5 in Conjurations
  1385 | D:2      | Reached XP level 4. HP: 24/24 MP: 7/12
  1878 | D:2      | Reached skill level 5 in Spellcasting
  2086 | D:3      | Noticed Jessica
  2090 | D:3      | Killed Jessica
  2277 | D:3      | Reached XP level 5. HP: 28/28 MP: 6/14
  2763 | D:3      | Reached skill level 6 in Spellcasting
  2847 | D:3      | Learned a level 2 spell: Searing Ray
  2855 | D:3      | Found a glowing golden altar of the Shining One.
  3239 | D:4      | Reached XP level 6. HP: 32/32 MP: 13/17
  3432 | D:4      | Learned a level 4 spell: Iskenderun's Mystic Blast
  3528 | D:5      | Entered Level 5 of the Dungeon
  3601 | D:5      | Reached skill level 7 in Spellcasting
  3619 | D:5      | Noticed a water moccasin
  3625 | D:5      | Reached XP level 7. HP: 31/36 MP: 4/20
  3631 | D:5      | Reached skill level 8 in Spellcasting
  3801 | D:5      | Noticed a two-headed ogre
  3855 | D:6      | Learned a level 2 spell: Blink
  3859 | D:6      | Learned a level 3 spell: Dazzling Flash
  3893 | D:6      | Found a staircase to the Ecumenical Temple.
  3967 | Temple   | Entered the Ecumenical Temple
  3990 | Temple   | Became a worshipper of Sif Muna the Loreminder
  4240 | D:6      | Reached skill level 9 in Spellcasting
  4241 | D:6      | Reached XP level 8. HP: 41/41 MP: 15/23
  4801 | D:5      | Identified the +7 quarterstaff "Xaihufip" {venom, +Blink
                  | MP-9 Str+5 Dex+3}
  4829 | D:5      | Reached skill level 10 in Spellcasting
  5028 | D:5      | Killed a two-headed ogre
  5029 | D:5      | Reached skill level 11 in Spellcasting
  5029 | D:5      | Reached skill level 10 in Conjurations
  5029 | D:5      | Reached XP level 9. HP: 45/45 MP: 15/26
  5832 | D:4      | Reached skill level 12 in Spellcasting
  6542 | D:4      | Reached * piety under Sif Muna
  6561 | D:4      | Found a large runed translucent door.
  6563 | D:4      | Found a large runed translucent door.
  6779 | D:4      | Noticed LobsterGuardian's ghost (amateur NaSh)
  7006 | D:7      | Learned a level 1 spell: Sting
  7014 | D:7      | Found the +9 staff of Olgreb {rPois∞}
  7044 | D:7      | Found a runed translucent door.
  7049 | D:7      | Found a runed translucent gate.
  7049 | D:7      | Found a runed translucent gate.
  7050 | D:7      | Found a runed translucent door.
  7061 | D:7      | Found a runed translucent gate.
  7166 | D:7      | Identified the +9 falchion of Dishonesty {flame, MP+9
                  | Dex+5}
  7394 | D:7      | Found a sand-covered staircase.
  7420 | Ossuary  | Entered an ossuary
  7976 | D:7      | Learned a level 3 spell: Confusing Touch
  8120 | D:7      | Found a shimmering altar of Xom.
  8120 | D:7      | Found a snail-covered altar of Cheibriados.
  8121 | D:7      | Found an opulent altar of Gozag.
  8498 | D:7      | Reached skill level 13 in Spellcasting
  8506 | D:7      | Gained mutation: You have sharp fingernails. [potion of
                  | mutation]
  8506 | D:7      | Gained mutation: You are robust. (+10% HP) [potion of
                  | mutation]
  8507 | D:7      | HP: 2/49 [adder (1)]
  8507 | D:7      | Mangled by a redback

Illustrated notes

Levels and vault maps discovered:
D:1:      spicycebolla_arrival_risky_transporter, layout_rooms,
          minmay_crystal_room, corner_web_ring
D:2:      layout_basic
D:3:      wander_river, layout_rooms, tso_oasis_becter, kennysheep_crisscross,
          uniq_jessica
D:4:      layout_cave_pools, ebering_ghost_disaster_area
D:5:      cheibrodos_fzero, layout_basic, bh_walls_and_bars
D:6:      layout_basic, minmay_temple_entry_large_hall
D:7:      layout_cave_pods, gammafunk_temple_overflow_forgotten,
          nicolae_ossuary_entry_false_entrances, serial_column_ruins,
          column_ruins_courtyard_long, column_ruins_hut, column_ruins_open_tiny,
          column_ruins_columns_straight, column_ruins_open_medium,
          column_ruins_columns_plus, column_ruins_open_tiny,
          small_statue_intersection, nrook_mini_vaults,
          chequers_decorated_corner, minmay_guarded_unrand_staff_of_olgreb
Temple:   bh_familiar_temple

Skill      XL: |  1  2  3  4  5  6  7  8  9 |
---------------+----------------------------+-----
Spellcasting   | 4 5 6 7 9 11 13 | 13.0
Conjurations   | 5 6 7 8 10 11 | 11.6
Dodging        | |  2.4
Stealth        | |  2.4

Action                     |  1- 3 |  4- 6 |  7- 9 || total
---------------------------+-------+-------+-------++-------
  Melee: Dagger            |       |     6 |    52 ||    58
         Falchion          |       |       |    18 ||    18
   Cast: Magic Dart        |    82 |   129 |   150 ||   361
         Searing Ray       |       |     3 |    26 ||    29
         Iskenderun's Myst |       |       |    18 ||    18
         Dazzling Flash    |       |       |     1 ||     1
    Use: Potion            |       |       |     2 ||     2
         Scroll            |       |       |     2 ||     2
   Stab: Invisible         |       |       |     1 ||     1
         Sleeping          |       |       |     1 ||     1
 Armour: Robe              |     3 |    10 |    69 ||    82
  Dodge: Dodged            |     4 |    15 |   100 ||   119

Table legend: (Time is in decaauts)
 A = Elapsed time spent in this place.
 B = Non-inter-level travel time spent in this place.
 C = Inter-level travel time spent in this place.
 D = Time resting spent in this place.
 E = Time spent auto-exploring this place.
 F = Levels seen in this place.
 G = Mean time per level.
                   A        B        C        D        E       F      G
               +--------+--------+--------+--------+--------+-----+--------+
         Total |   8529 |   8120 |    409 |   2249 |   4653 |   9 |  947.7 |
       Dungeon |   8037 |   7667 |    370 |   2009 |   4541 |   7 | 1148.1 |
        Temple |     49 |     10 |     39 |      0 |      4 |   1 |   49.0 |
       Ossuary |    441 |    441 |      0 |    240 |    108 |   1 |  441.0 |
               +--------+--------+--------+--------+--------+-----+--------+

Top non-repeatable levels by time:
     D:5: 1656 daAuts
     D:4: 1289 daAuts
     D:3: 1227 daAuts
     D:7: 1137 daAuts
     D:2: 1068 daAuts
     D:1: 980 daAuts
     D:6: 677 daAuts
 Ossuary: 441 daAuts
  Temple: 49 daAuts
